 Dungeon Crawl Stone Soup version 0.24.1-11-gbbbb2193e6 (webtiles) character file.

Game seed: 8090597099263407192, levelgen mode: deterministic

23165 lepoulpe303 the Cleaver (level 12, -5/110 HPs)
             Began as a Deep Dwarf Fighter on May 11, 2020.
             Was a High Priest of Makhleb.
             Slain by a four-headed hydra (6 damage)
             ... on level 4 of the Lair of Beasts.
             The game lasted 01:02:11 (11303 turns).

lepoulpe303 the Cleaver (Deep Dwarf Fighter)       Turns: 11303, Time: 01:02:11

Health: -5/110     AC: 25    Str: 27    XL:     12   Next: 69%
Magic:  18/18      EV:  9    Int: 10    God:    Makhleb [*****.]
Gold:   880        SH: 13    Dex: 17    Spells: 11/11 levels left

rFire    + . .     SeeInvis .   c - +6 flail (venom)
rCold    . . .     Gourm    +   x - +0 shield
rNeg     . . .     Faith    .   I - +8 ring mail "Ytru" {rF+ Str+4}
rPois    .         Spirit   .   f - +1 helmet
rElec    .         Reflect  .   P - +0 cloak
rCorr    .         Harm     .   y - +0 pair of gloves
MR       +....                  s - +0 pair of boots
Stlth    +.........             j - amulet of the gourmand
HPRegen  0.00/turn              Z - +2 ring of protection
MPRegen  0.16/turn              U - +4 ring of dexterity

@: non-regenerating
A: damage resistance, heal wounds, iridescent scales 1, sense surroundings 3, no
regeneration
a: Heal Wounds, Minor Destruction, Lesser Servant of Makhleb, Major Destruction,
Greater Servant of Makhleb, Renounce Religion


You were on level 4 of the Lair of Beasts.
You worshipped Makhleb.
Makhleb was extremely pleased with you.
You were very full.

You visited 3 branches of the dungeon, and saw 13 of its levels.

You collected 880 gold pieces.

Inventory:

Hand Weapons
 a - a +2 vampiric hand axe {!w}
 b - a +0 hand crossbow
 c - a +6 flail of venom (weapon)
Missiles
 n - 60 poisoned darts
 B - 10 boomerangs of dispersal {=f}
 Q - 107 bolts
 T - 3 javelins (quivered)
Armour
 f - a +1 helmet (worn)
 s - a +0 pair of boots (worn)
 x - a +0 shield (worn)
 y - a +0 pair of gloves (worn)
 E - a +0 chain mail
 I - the +8 ring mail "Ytru" (worn) {rF+ Str+4}
   (You found it on level 2 of the Lair of Beasts)

   It affects your strength (+4).
   It protects you from fire.
 M - a +0 plate armour
 O - the +0 ring mail of Zach {rElec Slay+2}
   (You found it on level 8 of the Dungeon)

   It affects your accuracy and damage with ranged weapons and melee attacks
   (+2).
   It insulates you from electricity.
 P - a +0 cloak (worn)
Jewellery
 j - an amulet of the gourmand (around neck)
 m - an uncursed ring of protection from magic
 G - an uncursed ring of magical power {unknown}
 N - an uncursed ring of stealth {Stlth+}
 U - a +4 ring of dexterity (right hand)
 W - an uncursed ring of wizardry {Wiz+}
 Z - a +2 ring of protection (left hand)
Scrolls
 i - 7 scrolls of identify
 p - a scroll of immolation {unknown}
 t - 6 scrolls of teleportation
 w - a scroll of remove curse
 A - a scroll of enchant weapon {unknown}
 F - 2 scrolls of fog {unknown}
 H - 2 scrolls of fear {unknown}
 K - 3 scrolls of magic mapping {unknown}
 L - 2 scrolls of amnesia {unknown}
 R - 2 scrolls of blinking {unknown}
 S - 2 scrolls of vulnerability {!r!r}
 V - a scroll of noise {unknown}
 Y - a scroll of enchant armour {unknown}
Potions
 d - a potion of might
 g - a potion of haste
 h - a potion of brilliance {unknown}
 k - 4 potions of degeneration {unknown}
 l - 3 potions of heal wounds
 o - a potion of ambrosia {unknown}
 q - 6 potions of curing
 r - a potion of berserk rage {unknown}
 u - 2 potions of cancellation {unknown}
 C - a potion of invisibility {unknown}
 D - a potion of flight {unknown}
 J - a potion of lignification {unknown}
 X - a potion of mutation {!q}
Miscellaneous
 v - a lamp of fire (inert)
Comestibles
 e - 30 rations


   Skills:
 + Level 7.9 Fighting
 * Level 12.4 Axes
 * Level 8.5 Crossbows
 + Level 9.5 Armour
 + Level 9.5 Shields
 * Level 11.6 Invocations


You had 11 spell levels left.
You didn't know any spells.
Your spell library contained the following spells:

 Spells                   Type           Power        Failure   Level  Hunger
 Corona                   Hex            #......      71%         1    ##.....
 Ensorcelled Hibernation  Hex/Ice        #.....       85%         2    ###....
 Confuse                  Hex            #.......     97%         3    ####...
 Dazzling Spray           Conj/Hex       #.....       97%         3    ####...
 Tukima's Dance           Hex            #.......     97%         3    ####...


Dungeon Overview and Level Annotations

Branches:
Dungeon (8/15)             Temple (1/1) D:6            Lair (4/6) D:8
 Spider (0/4) Lair:3
  Swamp: Lair:2-4    Shoals: Lair:2-4

Altars:
Ashenzari
Cheibriados
Dithmenos
Elyvilon
Fedhas
Gozag
Hepliaklqana
Kikubaaqudgha
Makhleb
Nemelex Xobeh
Qazlal
Ru
Sif Muna
Trog
Uskayaw
Vehumet
Wu Jian
Xom
Yredelemnul
Zin
The Shining One

Shops:
D:4 :   D:6 [?}   D:8 %

Annotations:
D:4 2 transporters


Innate Abilities, Weirdness & Mutations

You are resistant to damage.
You can heal yourself by infusing magical energy.
You passively map a large area around you.
You do not regenerate.
You are partially covered in iridescent scales. (AC +2)


Message History

The four-headed hydra bites you!
* * * LOW HITPOINT WARNING * * *
You block the four-headed hydra's attack.
The four-headed hydra closely misses you.
You take 8 damage, and have 7/110 hp.
Your neqoxec gestures at the four-headed hydra.
The four-headed hydra twists and deforms.
Your white imp gestures at the four-headed hydra.
The puff of frost hits the five-headed hydra!
Your shield and ring mail "Ytru" prevent you from hitting the four-headed hydra.
You block the five-headed hydra's attack.
The five-headed hydra bites you but does no damage. x2
You block the five-headed hydra's attack.
The five-headed hydra bites you!
* * * LOW HITPOINT WARNING * * *
The four-headed hydra bites you but does no damage.
The four-headed hydra bites you.
* * * LOW HITPOINT WARNING * * *
The four-headed hydra bites you!
You die...

≈≈≈≈≈≈≈≈≈≈≈.≈...........##
≈≈≈≈≈≈≈≈≈≈...≈≈P........#
≈≈≈≈≈≈≈≈≈≈..≈≈≈..#......# ###
≈≈≈≈..≈≈≈≈.≈≈≈≈..#.....## ♣..
..........≈≈≈≈.....♣♣..♣♣♣♣♣♣♣♣..
..............⌠...♣♣...≈≈≈≈≈≈♣##.
.#.#P....#.......3.♣♣≈≈≈≈≈≈≈≈♣P..
##.##..>.#.#...DD.5.♣♣≈≈≈≈≈≈≈♣♣..
#..#............@..♣♣...≈≈≈≈♣♣♣.P
......###.P.......##♣♣...♣♣♣♣.♣..
.......#..#......P♣* ♣♣..§§§♣♣..#
#.................♣ ♣♣♣♣§§♣♣♣##
###...............♣ ♣§§♣♣
##.(P.............♣♣ ,, ♣♣(.♣
..........#........♣§D.§§w§..♣
....#.....#...#...♣♣§§§§§§≈§≈♣
...###....#........♣♣§.§§§≈§♣♣


You could see a five-headed hydra, a four-headed hydra, a friendly neqoxec and a
friendly white imp.

Levels and vault maps discovered:
D:1:      erik_arrival_blinker_ship, layout_rooms, minmay_hedge_maze,
          st_stairs_13
D:2:      layout_rooms, hex_intersection, uniq_crazy_yiuf_cottage, uniq_natasha
D:3:      layout_basic, first_ration, uniq_jessica, uniq_terence
D:4:      gammafunk_wand_slinger, layout_rooms, elyvilon_altar_5,
          grunt_temple_overflow_opulence, serial_shops,
          nicolae_shop_window_shopping, kennysheep_slug_shrine
D:5:      layout_basic, grunt_temple_overflow_growth_and_decay
D:6:      layout_loops_ring, lightli_temple_of_fire, bloody_trog,
          grunt_temple_overflow_open, minmay_temple_entry_crystal_x,
          serial_shops, nicolae_shop_temple_entry_statues_fountains,
          shop_statue, shop_fountains, minmay_misc_feat_doors
D:7:      layout_rooms, grunt_livestock
D:8:      layout_cave_pods, lair_entry_dummy, serial_shops, shop_coins
Temple:   jpeg_temple_island
Lair:1:   layout_layer_cave, basic_altar
Lair:2:   layout_small_grid, basic_altar, grunt_forest_stairs_basic,
          grunt_megastairs_4, lemuel_fruit_fields
Lair:3:   lemuel_ratsnest, layout_big_grid, nicolae_spider_entry_tight_spaces,
          chequers_serial_rivers_marsh, minmay_lair_oklob_chamber,
          serial_bayou_shore_b, serial_bayou_shore_a, lemuel_fruit_fields,
          infiniplex_staircase_pool_2
Lair:4:   layout_misc_corridors, palyth_hydra_swamp_entry, special_room
          [special_room_mythical_zoo], chequers_serial_rivers_micro_a,
          ice2_lemuel

Notes
Turn   | Place    | Note
-------+----------+-------------------------------------------
     0 | D:1      | lepoulpe303 the Deep Dwarf Fighter began the quest for the
                  | Orb.
     0 | D:1      | Reached XP level 1. HP: 20/20 MP: 1/1
    21 | D:1      | Identified a +0 club
    59 | D:1      | Identified a +0 club
    73 | D:1      | Reached XP level 2. HP: 27/27 MP: 2/2
    77 | D:1      | Identified a +0 club
   212 | D:1      | Identified a +0 dagger
   307 | D:1      | Identified a +0 club
   462 | D:1      | Identified a +0 short sword
   468 | D:1      | Reached skill level 3 in Fighting
   537 | D:2      | Reached skill level 3 in Axes
   537 | D:2      | Reached XP level 3. HP: 31/34 MP: 3/3
   568 | D:2      | Identified a +0 club
   600 | D:2      | Identified a +0 pair of boots (You found it on level 2 of
                  | the Dungeon)
   772 | D:2      | Identified a +0 spear
   777 | D:2      | Noticed Natasha
   790 | D:2      | Killed Natasha
   790 | D:2      | Reached XP level 4. HP: 21/42 MP: 4/4
   880 | D:2      | Noticed Natasha
   888 | D:2      | Killed Natasha
   931 | D:2      | Found a runed translucent door.
   932 | D:2      | Identified a +4 quarterstaff of chaos
   932 | D:2      | Identified a +0 cloak
   932 | D:2      | Noticed Crazy Yiuf
   990 | D:2      | Noticed Natasha
  1004 | D:2      | Killed Natasha
  1004 | D:2      | Reached skill level 4 in Axes
  1004 | D:2      | Reached skill level 4 in Armour
  1004 | D:2      | Reached skill level 4 in Shields
  1004 | D:2      | Reached XP level 5. HP: 14/49 MP: 5/5
  1176 | D:2      | Identified 4 scrolls of identify
  1176 | D:2      | Identified a +1 helmet (You found it on level 1 of the
                  | Dungeon)
  1182 | D:2      | Identified an amulet of the gourmand (You found it on level
                  | 1 of the Dungeon)
  1284 | D:2      | Killed Crazy Yiuf
  1572 | D:3      | Identified a +0 club
  1573 | D:3      | Identified a +0 club
  1573 | D:3      | Identified a +0 robe
  1573 | D:3      | Noticed Jessica
  1584 | D:3      | Killed Jessica
  1821 | D:3      | Identified a +0 whip
  1821 | D:3      | Identified a +0 ring mail
  1883 | D:3      | Identified a +0 short sword
  1883 | D:3      | Identified a +0 leather armour
  1929 | D:3      | Identified a +0 dagger
  2170 | D:3      | Identified a +0 flail
  2170 | D:3      | Identified a +0 scale mail
  2170 | D:3      | Noticed Terence
  2181 | D:3      | Killed Terence
  2181 | D:3      | Reached XP level 6. HP: 37/56 MP: 5/5
  2259 | D:2      | Identified a +0 pair of gloves (You found it on level 2 of
                  | the Dungeon)
  2454 | D:3      | Identified a +0 ring mail of fire resistance (You found it
                  | on level 3 of the Dungeon)
  2583 | D:4      | Reached skill level 5 in Axes
  2864 | D:4      | Found Plog's Book Shop.
  2939 | D:4      | Found a transporter.
  2941 | D:4      | Identified a +0 whip
  3020 | D:4      | Found a sparkling altar of Nemelex Xobeh.
  3021 | D:4      | Found an opulent altar of Gozag.
  3071 | D:4      | Found a white marble altar of Elyvilon.
  3078 | D:4      | Identified a cursed +0 giant club
  3081 | D:4      | HP: 10/57 [ogre/cursed +0 giant club (21)]
  3088 | D:4      | HP: 5/57 [ogre/cursed +0 giant club (18)]
  3092 | D:4      | Reached skill level 4 in Fighting
  3092 | D:4      | Reached XP level 7. HP: 34/64 MP: 5/5
  3118 | D:4      | Identified a +0 chain mail (You found it on level 4 of the
                  | Dungeon)
  3129 | D:4      | Identified a +0 leather armour
  3153 | D:4      | Found a transporter.
  3271 | D:4      | Identified a +0 dagger
  3271 | D:4      | Identified a +0 robe
  3271 | D:4      | Noticed a kobold demonologist
  3317 | D:4      | Found a snail-covered altar of Cheibriados.
  3349 | D:5      | Entered Level 5 of the Dungeon
  3379 | D:5      | Identified a +0 hand axe
  3382 | D:5      | Identified a +0 dagger
  3382 | D:5      | Identified a cursed +0 chain mail
  3384 | D:5      | Identified a +0 dagger
  3384 | D:5      | Identified a +0 robe
  3384 | D:5      | Identified a +2 vampiric hand axe
  3390 | D:5      | HP: 9/64 [orc priest/divine providence (11)]
  3391 | D:5      | HP: 4/64 [orc wizard/magic dart (5)]
  3399 | D:5      | Reached skill level 5 in Shields
  3452 | D:5      | Reached skill level 5 in Armour
  3453 | D:5      | Identified 5 potions of curing
  3481 | D:5      | Found a blossoming altar of Fedhas.
  3481 | D:5      | Found an ancient bone altar of Kikubaaqudgha.
  3587 | D:5      | Reached skill level 6 in Axes
  4291 | D:4      | Identified a +0 scale mail
  4346 | D:6      | Found a bloodstained altar of Trog.
  4383 | D:6      | Identified a +0 giant club
  4405 | D:6      | Found a staircase to the Ecumenical Temple.
  4415 | Temple   | Entered the Ecumenical Temple
  4644 | D:6      | Identified a cursed -3 dagger
  4644 | D:6      | Identified a +0 robe
  4649 | D:6      | Identified a +0 flail
  4649 | D:6      | Identified a +0 trident
  4686 | D:6      | Identified a +0 shortbow
  4744 | D:6      | Reached XP level 8. HP: 69/73 MP: 6/6
  4758 | D:6      | Found Sikoos's Magic Scroll Emporium.
  4806 | D:6      | Identified a +0 battleaxe
  4806 | D:6      | Identified a +0 chain mail
  4813 | D:6      | Identified a +0 leather armour
  4815 | D:6      | Identified a +0 short sword
  4815 | D:6      | Identified a +0 chain mail
  4818 | D:6      | Reached skill level 7 in Axes
  4850 | D:6      | Found Fepuse's Gadget Shop.
  4964 | D:6      | Found a sacrificial altar of Ru.
  4964 | D:6      | Found a hide-covered altar of Uskayaw.
  4964 | D:6      | Found a snail-covered altar of Cheibriados.
  4964 | D:6      | Identified a +0 shortbow
  4965 | D:6      | Found a shimmering blue altar of Sif Muna.
  4965 | D:6      | Found a shimmering altar of Xom.
  5013 | D:6      | Reached skill level 5 in Fighting
  5013 | D:6      | Reached skill level 6 in Armour
  5013 | D:6      | Reached skill level 6 in Shields
  5127 | D:6      | Identified a +0 mace
  5130 | D:6      | Identified a +0 flail
  5132 | D:6      | Identified a +0 trident of venom
  5224 | D:6      | Found Wiulim's Armour Emporium.
  5354 | D:6      | Found a burning altar of Makhleb.
  5374 | D:6      | Became a worshipper of Makhleb the Destroyer
  5411 | D:7      | Identified a +0 whip
  5445 | D:7      | Identified a +0 flail
  5447 | D:7      | Identified a +0 flail
  5447 | D:7      | Identified a +1 spear of freezing
  5447 | D:7      | Identified a +0 scale mail
  5447 | D:7      | Identified a +1 buckler of protection
  5489 | D:7      | Identified a +0 halberd
  5491 | D:7      | Identified a +0 halberd
  5496 | D:7      | Identified a +0 shortbow
  5519 | D:7      | Reached skill level 8 in Axes
  5519 | D:7      | Reached skill level 1 in Invocations
  5527 | D:7      | Reached skill level 2 in Invocations
  5566 | D:7      | Identified a +0 shield
  5686 | D:7      | Identified a +0 hand axe
  5686 | D:7      | Identified a +0 animal skin
  5708 | D:7      | Reached skill level 3 in Invocations
  5708 | D:7      | Gained mutation: You passively map the area around you.
                  | [Deep Dwarf growth]
  5708 | D:7      | Reached XP level 9. HP: 78/81 MP: 9/9
  5724 | D:7      | Reached skill level 4 in Invocations
  5824 | D:7      | Identified a +0 battleaxe
  5824 | D:7      | Identified a +0 plate armour
  5825 | D:7      | Identified a +1 dagger of draining
  5825 | D:7      | Identified a +0 chain mail
  5828 | D:7      | Identified a +0 dagger
  5828 | D:7      | Identified a +0 leather armour
  5874 | D:7      | Reached * piety under Makhleb
  5923 | D:7      | Identified a ring of stealth (You found it on level 7 of
                  | the Dungeon)
  5972 | D:7      | Reached skill level 9 in Axes
  5972 | D:7      | Reached skill level 5 in Invocations
  6086 | D:8      | Got an ichor-stained ring mail
  6116 | D:8      | Reached skill level 7 in Shields
  6117 | D:8      | Identified a +0 dagger
  6117 | D:8      | Identified a +0 robe
  6122 | D:8      | Identified a +0 hand axe
  6123 | D:8      | Identified a +0 dagger
  6123 | D:8      | Identified a +0 robe
  6136 | D:7      | Identified 3 scrolls of teleportation
  6139 | D:7      | Identified the cursed +0 ring mail of Zach {rElec Slay+2}
                  | (You found it on level 8 of the Dungeon)
  6165 | D:8      | Identified a +0 long sword
  6165 | D:8      | Identified a +0 chain mail
  6165 | D:8      | Identified a cursed +0 leather armour
  6165 | D:8      | Identified a +0 dagger
  6165 | D:8      | Identified a +0 robe
  6178 | D:8      | Reached skill level 7 in Armour
  6311 | D:8      | Identified a +2 hat (You found it on level 8 of the
                  | Dungeon)
  6332 | D:8      | Identified a +0 flail
  6332 | D:8      | Identified a +0 leather armour
  6416 | D:8      | Identified a +0 short sword
  6416 | D:8      | Identified a +0 short sword
  6416 | D:8      | Identified a +0 hand crossbow
  6431 | D:8      | Identified a +0 short sword
  6433 | D:8      | Identified a +0 short sword
  6444 | D:8      | Identified a +0 short sword
  6451 | D:8      | Reached skill level 6 in Fighting
  6451 | D:8      | Reached skill level 6 in Invocations
  6543 | D:8      | Identified a +0 dagger
  6543 | D:8      | Identified a +0 robe
  6548 | D:8      | Identified a +0 spear
  6550 | D:8      | Identified a +0 dagger
  6550 | D:8      | Identified a +0 robe
  6552 | D:8      | Reached skill level 1 in Crossbows
  6553 | D:8      | Identified a +0 hand axe
  6728 | D:8      | Reached ** piety under Makhleb
  6734 | D:8      | Reached XP level 10. HP: 91/91 MP: 12/12
  6758 | D:8      | Found Xusoyqin's Food Emporium.
  6816 | D:8      | Identified a +0 dagger
  6818 | D:8      | Identified a +0 chain mail
  6819 | D:8      | Identified a cursed +0 dagger
  6819 | D:8      | Identified a +0 robe
  6819 | D:8      | Identified a +0 mace
  6820 | D:8      | Identified a +0 dagger
  6879 | D:8      | Found a staircase to the Lair.
  7145 | Lair:1   | Entered Level 1 of the Lair of Beasts
  7168 | D:8      | Identified a ring of dexterity (You found it on level 8 of
                  | the Dungeon)
  7170 | D:8      | Identified 3 potions of mutation
  7171 | D:8      | Identified 3 potions of heal wounds
  7172 | D:8      | Gained mutation: You are frail. (-10% HP) [potion of
                  | mutation]
  7172 | D:8      | Gained mutation: You have large cloven feet. [potion of
                  | mutation]
  7172 | D:8      | Gained mutation: Potions are less effective at restoring
                  | your health. [potion of mutation]
  7172 | D:8      | Gained mutation: You are partially covered in icy blue
                  | scales. (AC +2) [potion of mutation]
  7173 | D:8      | Lost mutation: You have large cloven feet. [potion of
                  | mutation]
  7173 | D:8      | Lost mutation: You are frail. (-10% HP) [potion of
                  | mutation]
  7173 | D:8      | Lost mutation: You are partially covered in icy blue
                  | scales. (AC +2) [potion of mutation]
  7173 | D:8      | Lost mutation: Potions are less effective at restoring your
                  | health. [potion of mutation]
  7173 | D:8      | Gained mutation: You are occasionally teleported next to
                  | monsters. [potion of mutation]
  7173 | D:8      | Gained mutation: You can translocate small distances at
                  | will. [potion of mutation]
  7174 | D:8      | Lost mutation: You can translocate small distances at will.
                  | [potion of mutation]
  7174 | D:8      | Lost mutation: You are occasionally teleported next to
                  | monsters. [potion of mutation]
  7174 | D:8      | Gained mutation: You are partially covered in iridescent
                  | scales. (AC +2) [potion of mutation]
  7174 | D:8      | Gained mutation: You passively map a large area around you.
                  | [potion of mutation]
  7178 | Lair:1   | Identified a +1 mace of draining (You found it on level 2
                  | of the Dungeon)
  7308 | Lair:1   | Reached skill level 2 in Crossbows
  7309 | Lair:1   | Noticed a spiny frog
  7329 | Lair:1   | Noticed a spiny frog
  7341 | Lair:1   | Killed a spiny frog
  7341 | Lair:1   | Reached skill level 7 in Invocations
  7347 | Lair:1   | HP: 12/91 [spiny frog (17)]
  7349 | Lair:1   | HP: 5/91 [hippogriff (5)]
  7355 | Lair:1   | HP: 3/91 [hippogriff (7)]
  7362 | Lair:1   | Killed a spiny frog
  7362 | Lair:1   | Reached skill level 10 in Axes
  7362 | Lair:1   | Reached skill level 3 in Crossbows
  7640 | Lair:1   | Noticed a black mamba
  7647 | Lair:1   | Killed a black mamba
  7654 | Lair:1   | HP: 23/92 [rime drake/flash freeze (15)]
  7702 | Lair:1   | Noticed a spiny frog
  7716 | Lair:1   | Killed a spiny frog
  7800 | Lair:1   | Found a sacrificial altar of Ru.
  7807 | Lair:1   | Noticed a spiny frog
  7815 | Lair:1   | Killed a spiny frog
  7815 | Lair:1   | Reached skill level 4 in Crossbows
  7815 | Lair:1   | Reached skill level 8 in Invocations
  8111 | Lair:2   | Identified a ring of wizardry (You found it on level 2 of
                  | the Lair of Beasts)
  8124 | Lair:2   | Reached skill level 8 in Shields
  8131 | Lair:2   | Reached skill level 8 in Armour
  8153 | Lair:2   | Reached XP level 11. HP: 68/99 MP: 15/15
  8320 | Lair:2   | Identified a ring of protection from magic (You found it on
                  | level 2 of the Lair of Beasts)
  8467 | Lair:2   | Got a faintly glowing ring mail
  8468 | Lair:2   | Identified 3 scrolls of vulnerability
  8469 | Lair:2   | Identified 3 scrolls of remove curse
  8480 | Lair:2   | Identified the +8 ring mail "Ytru" {rF+ Str+4} (You found
                  | it on level 2 of the Lair of Beasts)
  8520 | Lair:2   | Identified an amulet of guardian spirit (You found it on
                  | level 2 of the Lair of Beasts)
  8564 | Lair:2   | Reached skill level 5 in Crossbows
  8639 | Lair:2   | Found an ornate altar of the Wu Jian Council.
  8911 | Lair:3   | Reached skill level 9 in Invocations
  8942 | Lair:3   | Found a hole to the Spider Nest.
  8947 | Lair:3   | HP: 24/99 [poisoned by a redback]
  8952 | Lair:3   | HP: 13/99 [poisoned by a redback]
  9150 | Lair:3   | Reached *** piety under Makhleb
  9267 | Lair:3   | Paralysed by a hornet for 1 turns
  9277 | Lair:3   | Reached skill level 11 in Axes
  9296 | Lair:3   | Reached skill level 7 in Fighting
  9588 | Lair:3   | Reached skill level 6 in Crossbows
  9837 | Lair:3   | Noticed an oklob plant
  9838 | Lair:3   | Noticed an oklob plant
  9840 | Lair:3   | Noticed an oklob plant
  9857 | Lair:3   | Reached **** piety under Makhleb
  9880 | Lair:3   | HP: 25/100 [acid (8)]
  9883 | Lair:3   | Killed an oklob plant
  9889 | Lair:3   | Killed an oklob plant
  9897 | Lair:3   | HP: 22/100 [oklob plant/splash of acid (7)]
  9903 | Lair:3   | HP: 17/100 [acid (15)]
  9905 | Lair:3   | Killed an oklob plant
  9905 | Lair:3   | Reached skill level 10 in Invocations
  9924 | Lair:3   | Identified a +6 flail of venom (You found it on level 3 of
                  | the Lair of Beasts)
 10004 | Lair:4   | HP: 24/100 [komodo dragon (12)]
 10046 | Lair:4   | Noticed a lindwurm
 10053 | Lair:4   | HP: 17/100 [komodo dragon (9)]
 10058 | Lair:4   | HP: 2/100 [komodo dragon (10)]
 10093 | Lair:4   | Killed a lindwurm
 10290 | Lair:4   | Reached skill level 7 in Crossbows
 10319 | Lair:4   | Reached XP level 12. HP: 109/109 MP: 17/17
 10359 | Lair:4   | Reached skill level 9 in Shields
 10397 | Lair:4   | Reached skill level 9 in Armour
 10414 | Lair:4   | Noticed an eight-headed hydra
 10443 | Lair:4   | Killed an eight-headed hydra
 10452 | Lair:4   | Reached skill level 12 in Axes
 10452 | Lair:4   | Reached skill level 11 in Invocations
 10643 | Lair:4   | Reached skill level 8 in Crossbows
 10742 | Lair:4   | Identified a ring of protection (You found it on level 3 of
                  | the Lair of Beasts)
 10744 | Lair:4   | Identified a ring of attention (You found it on level 4 of
                  | the Lair of Beasts)
 10973 | Lair:4   | Reached ***** piety under Makhleb
 11264 | Lair:4   | Noticed a five-headed hydra
 11264 | Lair:4   | Noticed a four-headed hydra
 11298 | Lair:4   | HP: 26/110 [five-headed hydra (7)]
 11301 | Lair:4   | HP: 7/110 [four-headed hydra (7)]
 11303 | Lair:4   | HP: 2/110 [five-headed hydra (5)]
 11303 | Lair:4   | Slain by a four-headed hydra

Table legend:
 A = Turns spent in this place as a percentage of turns spent in the entire game.
 B = Non-inter-level travel turns spent in this place as a percentage of non-inter-level travel turns spent in the entire game.
 C = Inter-level travel turns spent in this place as a percentage of turns spent in this place.
 D = Turns resting spent in this place as a percentage of non-inter-level travel turns spent in this place.
 E = Turns spent auto-exploring this place as a percentage of non-inter-level travel turns spent in this place.
 F = Non-inter-level travel turns spent in this place divided by the number of levels of this place that you've seen.
                   A       B       C       D       E      F
               +-------+-------+-------+-------+-------+----------------------
         Total | 100.0 | 100.0 |   7.9 |   2.1 |  66.4 | 800.5
       Dungeon |  61.4 |  59.2 |  11.1 |   3.3 |  69.6 | 770.5
        Temple |   2.0 |   1.9 |   9.0 |   0.0 |  92.6 | 202.0
          Lair |  36.7 |  38.8 |   2.5 |   0.5 |  60.1 | 1010.0
               +-------+-------+-------+-------+-------+----------------------

Table legend:
 A = Kills in this place as a percentage of kills in entire the game.
 B = Kills by you in this place as a percentage of kills by you in the entire game.
 C = Kills by friends in this place as a percentage of kills by friends in the entire game.
 D = Other kills in this place as a percentage of other kills in the entire game.
 E = Experience gained in this place as a percentage of experience gained in the entire game.
 F = Experience gained in this place divided by the number of levels of this place that you have seen.
                   A       B       C       D       E      F
               +-------+-------+-------+-------+-------+----------------------
         Total | 100.0 | 100.0 |   N/A |   N/A | 100.0 | 2545.6
       Dungeon |  54.6 |  54.6 |   N/A |   N/A |  17.2 | 711.9
          Lair |  45.4 |  45.4 |   N/A |   N/A |  82.8 | 6849.5
               +-------+-------+-------+-------+-------+----------------------

Skill      XL: |  1  2  3  4  5  6  7  8  9 10 11 12 |
---------------+-------------------------------------+-----
Fighting       | 3 4 5 6 7 |  7.9
Axes           | 3 4 5 6 8 9 10 11 12 | 12.4
Armour         | 4 5 6 7 8 9 |  9.5
Shields        | 4 5 6 7 8 9 |  9.5
Invocations    | 3 6 8 10 11 | 11.6
Crossbows      | 1 4 7 8 |  8.5

Action                   |  1- 3 |  4- 6 |  7- 9 | 10-12 || total
-------------------------+-------+-------+-------+-------++-------
Melee: War axe           |    82 |   162 |    38 |       ||   282
       Hand axe          |       |       |   482 |   940 ||  1422
       Flail             |       |       |       |    26 ||    26
 Fire: Hand crossbow     |       |       |    16 |   201 ||   217
Throw: Dart              |     4 |    58 |     7 |       ||    69
       Boomerang         |       |       |    64 |     4 ||    68
       Javelin           |       |       |       |     5 ||     5
Invok: Minor Destruction |       |       |       |     2 ||     2
       Lesser Servant of |       |       |       |     1 ||     1
 Abil: Heal Wounds       |       |     3 |     1 |     6 ||    10
Evoke: Wand              |       |       |       |    12 ||    12
       Lamp of fire      |       |       |       |     1 ||     1
  Use: Scroll            |       |     3 |     3 |     7 ||    13
       Potion            |       |       |     1 |     5 ||     6
 Stab: Sleeping          |       |       |       |     1 ||     1
  Eat: Chunk             |       |    19 |    21 |    18 ||    58
Armor: Scale mail        |    48 |    71 |   119 |       ||   238
       Chain mail        |       |       |    56 |       ||    56
       Ring mail         |       |       |    25 |   483 ||   508
Dodge: Dodged            |    32 |    60 |   143 |   248 ||   483
Block: Shield            |    58 |    71 |   298 |   528 ||   955

Vanquished Creatures
  A hydra (Lair:4)
  A lindwurm (Lair:4)
  3 oklob plants (Lair:3)
  A black mamba (Lair:1)
  An ice statue (Lair:4)
  8 spiny frogs
  7 rime drakes
  3 komodo dragons
  An ice devil (Lair:4)
  A jumping spider (Lair:3)
  4 polar bears (Lair:4)
  A hornet (Lair:3)
  12 hippogriffs
  4 redbacks (Lair:3)
  10 blink frogs
  9 wyverns
  A yak (Lair:3)
  A human (D:7)
  7 basilisks (Lair:4)
  4 hogs (D:7)
  A hungry ghost (D:7)
  3 swamp worms (Lair:4)
  4 water moccasins
  2 porcupines (Lair:1)
  A hell hound (Lair:4)
  9 ice beasts (Lair:4)
  3 orc warriors
  3 black bears
  2 ogres
  3 centaurs
  7 crocodiles
  A big kobold (D:8)
  10 bullfrogs
  A gnoll sergeant (D:7)
  3 scorpions
  An electric eel (Lair:3)
  4 crimson imps
  4 hounds
  Crazy Yiuf (D:2)
  A jelly (D:8)
  5 orc priests
  Natasha (thrice) (D:2)
  Jessica (D:3)
  3 bullfrog skeletons
  Terence (D:3)
  2 iguanas (D:6)
  8 orc wizards
  12 hell rats (Lair:3)
  5 worker ants
  A hound skeleton (D:4)
  4 gnolls (D:7)
  11 adders
  14 river rats (Lair:3)
  4 shadow imps
  2 oozes
  2 worms
  2 dart slugs
  5 leopard geckos
  22 orcs
  3 ball pythons
  6 bats
  8 giant cockroaches
  8 goblins
  4 hobgoblins
  8 jackals
  10 kobolds
  5 quokkas (Lair:3)
  4 frilled lizards
  A leopard gecko skeleton (D:4)
  A quokka skeleton (D:4)
  17 rats
  4 plants
330 creatures vanquished.

Vanquished Creatures (others)
  2 fungi (Lair:4)
  A plant (Lair:4)
3 creatures vanquished.

Grand Total: 333 creatures vanquished
